 Dungeon Crawl Stone Soup version 0.29.1-1-gd02db6906a (webtiles) character file.

Game seed: 17629985317206616618

68 lanetrain the Trooper (level 4, -3/49 HPs)
             Began as an Ogre Berserker on Sept 25, 2022.
             Was a Follower of Trog.
             Constricted to death by Natasha (6 damage)
             ... on level 2 of the Dungeon.
             The game lasted 00:03:12 (1603 turns).

lanetrain the Trooper (Ogre Berserker)              Turns: 1603, Time: 00:03:13

Health: -3/49      AC:  3    Str: 23    XL:     4   Next: 19%
Magic:  4/4        EV:  7    Int:  8    God:    Trog [*.....]
Gold:   60         SH:  0    Dex:  8    Spells: 3/3 levels left

rFire   . . .      SeeInvis .   a - +0 spear
rCold   . . .      Faith    .   (no shield)
rNeg    . . .      Spirit   .   b - +0 animal skin
rPois   .          Reflect  .   (helmet restricted)
rElec   .          Harm     .   (no cloak)
rCorr   .          Rampage  .   (gloves unavailable)
Will    .....                   (boots unavailable)
Stlth   +.........              (no amulet)
HPRegen 0.16/turn               (no ring)
MPRegen 0.09/turn               (no ring)

@: brilliant, grasped by roots, constricted
A: large, unfitting armour, tough skin 1
a: Renounce Religion, Berserk


You were on level 2 of the Dungeon.
You worshipped Trog.
Trog was aware of your devotion.
You visited 1 branch of the dungeon, and saw 2 of its levels.

You collected 60 gold pieces.

Inventory:

Hand Weapons
 a - a +0 spear (weapon)
Armour
 b - a +0 animal skin (worn)
Scrolls
 d - a scroll of magic mapping {unknown}
 f - a scroll of poison
 h - a scroll of enchant armour {unknown}
 i - a scroll of vulnerability {unknown}
 j - a scroll of noise {unknown}
Potions
 k - a potion of ambrosia {unknown}


   Skills:
 + Level 4.9 Fighting
 + Level 3.7 Polearms
 + Level 3.4 Dodging
 + Level 0.1 Stealth


You had 3 spell levels left.
You didn't know any spells.
Your spell library was empty.

Dungeon Overview and Level Annotations

Branches:
Dungeon (2/15)

Altars:

Annotations:
D:2 Natasha


Innate Abilities, Weirdness & Mutations

You are too large for most types of armour.
You have tough skin. (AC +1)


Message History

Natasha zaps a wand.
The roots erupt in riotous growth!
The grasping roots grab you! The grasping roots constrict you. x2
* * * LOW HITPOINT WARNING * * *
You hear an angry hiss.
You escape the roots grasp.
You feel yourself speed up.
Natasha zaps a wand.
The roots erupt in riotous growth!
The grasping roots grab you! The grasping roots constrict you.
* * * LOW HITPOINT WARNING * * *
You escape the roots grasp.
Reach: a) +0 spear
Press: ? - help, Dir - move target, f - Natasha
Aim: Natasha, carrying a wand of roots (2) (about 47% to evade your +0 spear)
You reach to attack!
You closely miss Natasha. You closely miss Natasha.
Natasha completely misses you.
You hit Natasha.
Natasha is heavily wounded.
You recover from your berserk rage.
Natasha claws you!
* * * LOW HITPOINT WARNING * * *
You closely miss Natasha.
Natasha is heavily wounded.
Natasha closely misses you.
You hit Natasha.
Natasha is heavily wounded.
Natasha closely misses you.
You closely miss Natasha.
Natasha is heavily wounded.
Natasha zaps a wand.
The roots erupt in riotous growth!
The grasping roots grab you!
Natasha is unaffected.
The grasping roots constrict you.
* * * LOW HITPOINT WARNING * * *
You hear an angry hiss.
It was a potion of brilliance.
You feel clever all of a sudden.
Natasha mumbles some strange words.
The grasping roots constrict you.
You die...

#. #.# #. #.#
###.##.#####.#
.....5h..h...#####
###..#.####..)...# #
#. ##.###.########
## #....5.......#
#####h######.# #@#
#.# #.# #.# #.#
#[###### #.#
#......#
######.######.####.#
...................#
#####....######+..#
##..## # #..#.#


You could see Natasha and a crimson imp (summoned).

Vanquished Creatures
  Natasha (D:2)
  Terence (D:2)
  2 ball pythons (D:1)
  2 endoplasms (D:2)
  3 giant cockroaches (D:1)
  A kobold (D:1)
  3 quokkas (D:1)
  A bat (D:1)
  A frilled lizard (D:1)
  2 rats (D:1)
17 creatures vanquished.

Notes
Turn   | Place    | Note
-------+----------+-------------------------------------------
     0 | D:1      | lanetrain the Ogre Berserker began the quest for the Orb.
     0 | D:1      | Reached XP level 1. HP: 24/24 MP: 1/1
   212 | D:1      | Reached XP level 2. HP: 9/32 MP: 2/2
  1315 | D:2      | Noticed Natasha
  1315 | D:2      | Found a faded altar of an unknown god.
  1331 | D:2      | Killed Natasha
  1332 | D:2      | Reached XP level 3. HP: 14/40 MP: 3/3
  1536 | D:2      | Noticed Terence
  1559 | D:2      | Killed Terence
  1560 | D:2      | Reached XP level 4. HP: 38/49 MP: 4/4
  1583 | D:2      | Noticed Natasha
  1602 | D:2      | HP: 2/49 [constriction (3)]
  1603 | D:2      | Constricted to death by Natasha

Illustrated notes

Levels and vault maps discovered:
D:1:      minmay_arrival_stair_chambers, layout_basic, st_stairs_13,
          chequers_decorated_corner, minmay_worlds_worst_comb
D:2:      layout_loops_ring, basic_ecumenical_altar, minmay_3d_cube,
          uniq_crazy_yiuf_cottage, uniq_terence, uniq_natasha

Skill      XL: |  1  2 |
---------------+-------+-----
Dodging        | 3 |  3.4
Fighting       | |  4.9
Polearms       | |  3.7
Stealth        | |  0.1

Action                   |  1- 3 |  4- 6 || total
-------------------------+-------+-------++-------
Melee: Spear             |    94 |    10 ||   104
Invok: Berserk           |     3 |       ||     3
  Use: Scroll            |     3 |       ||     3
       Potion            |     1 |     1 ||     2
 Stab: Sleeping          |     1 |       ||     1
Armor: Animal skin       |    21 |     1 ||    22
Dodge: Dodged            |    49 |     4 ||    53
